 Seeded DCSS version 0.29-a0-207-gf982a884d8 (webtiles) character file.

Game seed: 112659713216759503 (custom seed)

60 innerfire433 the Chopper (level 3, -3/29 HPs)
             Began as a Demonspawn Monk on Feb 23, 2022.
             Was a Follower of Ru.
             Slain by Crazy Yiuf
             ... wielding a +2 quarterstaff of chaos
              (8 damage)
             ... on level 2 of the Dungeon.
             The game lasted 00:04:17 (2149 turns).

innerfire433 the Chopper (Demonspawn Monk)          Turns: 2149, Time: 00:04:18

Health: -3/29      AC:  6    Str: 19    XL:     3   Next: 80%
Magic:  3/3        EV: 12    Int: 11    God:    Ru [*.....]
Gold:   112        SH:  0    Dex: 15    Spells: 2/2 levels left

rFire   . . .      SeeInvis .   e - +2 hand axe (elec)
rCold   . . .      Faith    .   (no shield)
rNeg    . . .      Spirit   .   r - +0 ring mail
rPois   .          Reflect  .   (no helmet)
rElec   .          Harm     .   l - +0 cloak
rCorr   .          Rampage  .   (no gloves)
Will    .....                   (no boots)
Stlth   +.........              (no amulet)
HPRegen 0.09/turn               m - +6 ring of strength
MPRegen 0.16/turn               (no ring)

@: lethally poisoned (-3 -> -13), flying
A: magic regeneration, no fire magic, no necromancy magic, no transmutations
magic, demonic touch 1
a: Renounce Religion


You were on level 2 of the Dungeon.
You worshipped Ru.
Ru was aware of your devotion.
You visited 1 branch of the dungeon, and saw 2 of its levels.

You collected 112 gold pieces.

Inventory:

Hand Weapons
 a - a +0 hand axe
 e - a +2 hand axe of electrocution (weapon)
Armour
 b - a +0 robe
 l - a +0 cloak (worn)
 q - a +0 leather armour
 r - a +0 ring mail (worn)
Jewellery
 m - a +6 ring of strength (left hand)
 p - the amulet "Vewifiq" {Spirit rF+ rC+ Dex-2}
   (You found it on level 2 of the Dungeon)

   [amulet of guardian spirit]

   It causes incoming damage to be divided between your reserves of health and
   magic.
   Dex:       It affects your dexterity (-2).
   rF:        It protects you from fire.
   rC:        It protects you from cold.
Scrolls
 c - a scroll of vulnerability {unknown}
 d - 2 scrolls of identify {unknown}
 j - a scroll of enchant weapon {unknown}
 k - a scroll of noise {unknown}
 o - a scroll of blinking {unknown}
Potions
 f - 2 potions of heal wounds {unknown}
 g - a potion of berserk rage {unknown}
 h - 2 potions of flight
 i - a potion of magic {unknown}
 n - a potion of mutation {unknown}
 s - a potion of curing {unknown}


   Skills:
 + Level 3.4 Fighting
 * Level 3.4 Axes
 * Level 3.3 Dodging
 - Level 2.0 Stealth


You had 2 spell levels left.
You didn't know any spells.
Your spell library contained the following spells:

 Spells                   Type           Power      Damage    Failure   Level
 Ozocubu's Armour         Ice            0%         N/A       88%         3
 Cause Fear               Hex            0%         N/A       99%         4
 Ozocubu's Refrigeration  Ice            0%         4d5       100%        7
 Discord                  Hex            0%         N/A       100%        8
 Inner Flame              Hex/Fire       Unusable   N/A       N/A         3

Dungeon Overview and Level Annotations

Branches:
Dungeon (2/15)

Altars:
Ru

Annotations:
D:2 Crazy Yiuf


Innate Abilities, Weirdness & Mutations

You regenerate magic rapidly.
You cannot study or cast Fire magic.
You cannot study or cast Necromancy magic.
You cannot study or cast Transmutations magic.
Your touch may inflict minor irresistible damage on your foes.


Message History

Found a short sword.
A dart slug is nearby!
A rat comes into view.
You hit the dart slug.
You touch the dart slug.
The dart slug is severely wounded.
The dart slug barely misses you.
You hit the dart slug.
You touch the dart slug.
You kill the dart slug!
You hit the rat.
You kill the rat!
No target in view!
No target in view!
You see here a +0 short sword.
You see here a +0 short sword.
You see here a rat skeleton.
A rat comes into view.
The rat bites you but does no damage.
You hit the rat.
You kill the rat!
No target in view!
No target in view!
You see here a rat corpse.
Found a mace.
Found a runed translucent door.
Crazy Yiuf shouts!
You open the door. You hit Crazy Yiuf but do no damage.
Crazy Yiuf hits you with a +2 quarterstaff of chaos!
You are lethally poisoned!
You closely miss Crazy Yiuf.
You feel very sick.
Crazy Yiuf grits, "Millenium!"
Crazy Yiuf hits you with a +2 quarterstaff of chaos.
* * * LOW HITPOINT WARNING * * *
It was a potion of flight.
You feel very buoyant.
You fly up into the air.
* * * LOW HITPOINT WARNING * * *
You feel very sick.
Crazy Yiuf hits you with a +2 quarterstaff of chaos!
You die...

###### #....# #....# ###
♣♣#### #####....#
#)..#♣♣ ♣♣....##
..†##....#
#...g@♣♣♣♣......#
##.......#
#...#♣..♣.PP....#
####....# ###
♣♣♣.♣.P....# #..#.#
♣♣♣♣♣##.## #.##.# #.#
#.##### ### ##.# #.###.#
#.# #..#
#.##..###.##########.##
###.##.###..#..†.......#


You could see Crazy Yiuf.

Vanquished Creatures
  An adder (D:2)
  3 dart slugs (D:2)
  4 bats (D:1)
  6 endoplasms (D:1)
  2 giant cockroaches (D:1)
  4 goblins
  2 hobgoblins
  3 jackals (D:1)
  8 ball pythons
  2 frilled lizards (D:1)
  3 kobolds
  8 rats
46 creatures vanquished.

Vanquished Creatures (others)
  5 fungi (D:2)
  4 plants (D:2)
9 creatures vanquished.

Grand Total: 55 creatures vanquished

Notes
Turn   | Place    | Note
-------+----------+-------------------------------------------
     0 | D:1      | innerfire433 the Demonspawn Monk began the quest for the
                  | Orb.
     0 | D:1      | Reached XP level 1. HP: 18/18 MP: 1/1
   561 | D:1      | Gained mutation: Your touch may inflict minor irresistible
                  | damage on your foes. [demonic ancestry]
   561 | D:1      | Reached XP level 2. HP: 24/24 MP: 2/2
  1118 | D:1      | Gained mutation: You regenerate magic rapidly. [demonic
                  | ancestry]
  1118 | D:1      | Reached XP level 3. HP: 20/29 MP: 3/3
  1543 | D:2      | Identified the amulet "Vewifiq" {Spirit rF+ rC+ Dex-2}
  1857 | D:2      | Found a faded altar of an unknown god.
  1873 | D:2      | Prayed at the altar of an unknown god.
  1873 | D:2      | Became a worshipper of Ru the Awakened
  1888 | D:2      | Gained mutation: You cannot study or cast Fire magic. [Ru
                  | sacrifice]
  1888 | D:2      | Gained mutation: You cannot study or cast Transmutations
                  | magic. [Ru sacrifice]
  1888 | D:2      | Gained mutation: You cannot study or cast Necromancy magic.
                  | [Ru sacrifice]
  1888 | D:2      | Reached * piety under Ru
  2142 | D:2      | Found a runed translucent door.
  2143 | D:2      | Noticed Crazy Yiuf
  2149 | D:2      | Slain by Crazy Yiuf

Illustrated notes

Levels and vault maps discovered:
D:1:      wander_arrival_fairy_ring, layout_basic
D:2:      layout_rooms, shapermc_ecumenical_altar_mp_urbaneastern,
          uniq_crazy_yiuf_cottage

Skill      XL: |  1  2 |
---------------+-------+-----
Stealth        | 2 |  2.0
Axes           | 3 |  3.4
Dodging        | 3 |  3.3
Fighting       | |  3.4

Action                   || total
-------------------------++-------
Melee: Hand axe          ||   117
       Touch             ||    20
       Punch             ||     2
Invok: Sacrifice Arcana  ||     1
  Use: Potion            ||     1
 Stab: Sleeping          ||     9
Armor: Robe              ||    12
       Ring mail         ||     7
       Leather armour    ||     2
Dodge: Dodged            ||    46

Table legend: (Time is in decaauts)
 A = Elapsed time spent in this place.
 B = Non-inter-level travel time spent in this place.
 C = Inter-level travel time spent in this place.
 D = Time resting spent in this place.
 E = Time spent auto-exploring this place.
 F = Levels seen in this place.
 G = Mean time per level.
                   A        B        C        D        E       F      G
               +--------+--------+--------+--------+--------+-----+--------+
         Total |   2164 |   2148 |     16 |      0 |   1714 |   2 | 1082.0 |
       Dungeon |   2164 |   2148 |     16 |      0 |   1714 |   2 | 1082.0 |
               +--------+--------+--------+--------+--------+-----+--------+

Top non-repeatable levels by time:
     D:1: 1457 daAuts
     D:2: 707 daAuts
